[Event "CCT Chessable Masters D-I 2024"]
[Site "Online"]
[Date "2024.02.02"]
[Round "1"]
[White "LyonBeast"]
[Black "Lazavik, Denis"]
[Result "0-1"]
[ECO "A29"]
[WhiteElo "2876"]
[BlackElo "2566"]
[Annotator "TA"]
[PlyCount "114"]
[EventDate "2024.01.12"]
[EventType "k.o."]
[EventCountry "NET"]
[SourceTitle "playchess.com"]
[Source "ChessBase"]
[SourceQuality "1"]
[TimeControl "600+2"]

1. c4 Nf6 2. Nc3 e5 3. Nf3 Nc6 4. g3 d5 5. cxd5 Nxd5 6. Bg2 Bc5 7. O-O O-O 8. Qc2 Nd4 9. Qe4 Nxf3+ 10. Bxf3 Nxc3 11. bxc3 Bd6 12. a4 Rb8 13. d4 Qf6 14. Qd3 Bh3 15. Rd1 b6 16. a5 Rbd8 17. axb6 axb6 18. Be3 h6 19. Qb5 Bd7 20. Bc6 Bxc6 21. Qxc6 exd4 22. cxd4 Rfe8 23. Rac1 h5 24. Qb5 Qg6 25. Qg5 (25. Bg5 {looks sharper.} f6 26. Bd2 Qg4 27. Qc4+) 25... Qxg5 26. Bxg5 f6 27. Be3 Kf7 28. Rc2 Re7 29. Kf1 g5 30. Rc6 Rh8 31. d5 h4 32. Kg2 hxg3 33. hxg3 Rd8 34. g4 Kg6 35. Rh1 Re5 36. Rd1 Re7 (36... Re4 $15 37. Rd4 Re7) 37. Rd2 (37. Rh1 $11) 37... Be5 (37... f5 $15 38. Rd4 Rh8 (38... f4 39. Bd2 $11)) 38. f3 (38. d6 $11 Rxd6 (38... Bxd6 39. Bxb6 cxb6 40. Rdxd6 $11) 39. Rdxd6 Bxd6 40. Bxb6) 38... Red7 39. Bd4 $1 Bxd4 40. Rxd4 Rxd5 41. Rdc4 Rd2 42. Re4 R8d7 43. Kg3 R2d6 44. Rc1 (44. Rec4 $11) 44... c5 $17 45. Rh1 Rh7 46. Rb1 Rhd7 (46... Rc7 $17 {...c4 would now be deadly.} 47. Kf2 c4) 47. Re8 (47. Rh1 $1 $11 {remains equal.}) 47... Rd8 (47... Rb7 $17 48. Rc8 Rd2) 48. Re3 (48. Rxd8 $11 {keeps the balance.} Rxd8 49. Rxb6) 48... R8d7 (48... Kf7 $17 49. Reb3 Rb8) 49. Ra3 (49. Re8 $11) 49... Re7 50. Rb2 Rb7 51. Ra6 c4 ({Black should try} 51... Kf7 52. Kf2 Ke6) 52. Rc2 (52. Kf2 $17) 52... Rc6 53. e3 (53. Rb2 {was necessary.}) 53... c3 $2 (53... Rc8 $19 {And now ...b5 would win.} 54. f4 Kg7) 54. f4 $2 {[%emt 0:00:02][%mdl 8192] [#]} (54. Ra3 $11 {and White has nothing to worry.}) 54... gxf4+ $1 $19 55. exf4 Rc4 $2 ({Black should play} 55... Rd7 $19 {aiming for ...Rd2.} 56. Ra4 b5) 56. f5+ $2 ({Only move:} 56. Ra3 $15) 56... Kg5 $19 57. Kf3 $2 (57. Ra8 Rxg4+ 58. Kf3 Rf4+ (58... Kxf5 59. Rxc3 Rbg7 60. Ke2 $17) 59. Ke2) 57... Rf4+ (57... Rxg4 $2 58. Rxc3 Rb4 (58... Kxf5 59. Rxb6 Rf4+ 60. Kg3 $11) 59. Kf2 $19) (57... Rh7 $142 58. Rc1 b5 (58... Rxg4 $2 59. Rxb6 Rh3+ 60. Kf2 $19)) 0-1

[Event "CCT Chessable Masters D-I 2024"]
[Site "Online"]
[Date "2024.02.02"]
[Round "1"]
[White "Carlsen, Magnus"]
[Black "So, Wesley"]
[Result "1/2-1/2"]
[ECO "A09"]
[WhiteElo "2830"]
[BlackElo "2757"]
[Annotator "TA"]
[PlyCount "104"]
[EventDate "2024.01.12"]
[EventType "k.o."]
[EventCountry "NET"]
[SourceTitle "playchess.com"]
[Source "ChessBase"]
[SourceQuality "1"]
[TimeControl "600+2"]

1. Nf3 d5 2. g3 c5 3. c4 d4 4. b4 cxb4 5. a3 b3 6. Bg2 {[%emt 0:00:12] A09: Réti Opening: 1 Nf3 d5 2 c4.} Nc6 7. d3 a5 $146 ({Predecessor:} 7... e5 8. O-O Nf6 9. Nbd2 a5 10. Qxb3 a4 11. Qb5 Ra5 12. Qb1 Bc5 13. Ng5 Be7 {0-1 Lanka,Z (2420)-Bluebaum,M (2620) AUT-chT 1819 2018 (5.4)}) 8. a4 e5 9. O-O Nf6 10. Qxb3 Bb4 11. Ba3 Nd7 12. Bxb4 axb4 13. Ne1 Nc5 14. Bxc6+ bxc6 15. Qxb4 Qa5 16. Nc2 ({White should try} 16. Qxa5 $11 Rxa5 17. Nf3) 16... Bh3 17. Qxa5 Rxa5 18. Re1 Kd7 19. f4 f6 20. fxe5 fxe5 21. Nd2 Rb8 22. Reb1 Rxb1+ 23. Nxb1 Nb3 (23... Nxa4 24. Nd2 Ra8 25. c5) 24. Ra3 Nc1 25. Kf2 Bg4 26. Nd2 Bxe2 27. Ra1 Bxd3 28. Rxc1 Rxa4 29. Nf3 ({Reject} 29. Ne1 Ra2 30. Nef3 e4 $17) (29. Na1 $1 $11) 29... Kd6 $17 30. Ncxd4 exd4 31. Nxd4 Rxc4 ({Better is} 31... g6 $17 32. c5+ Kd5) 32. Rxc4 Bxc4 33. Nf5+ Ke5 34. Nxg7 Bf7 35. g4 $1 Bg6 36. g5 $1 Kf4 37. Ne6+ Kg4 38. Ke3 Bf5 39. Nd8 Bd7 40. Nf7 Be8 41. Nd6 (41. g6 $1 $11 hxg6 42. Nd6) 41... Bh5 $17 ({Don't play} 41... Bg6 $6 42. Kd4 $11) 42. h4 Kxh4 43. Kf4 {[%emt 0:00:02] [#]} Bg6 (43... c5 $1 $17) 44. Nb7 $11 Kh3 45. Nc5 Kg2 46. Nd7 Kh3 47. Nc5 Bf7 48. Ne4 Kh4 49. Nf6 Bg6 50. Nd7 Kh3 51. Nf6 Kh4 52. Nd7 Kh3 1/2-1/2

[Event "CCT Chessable Masters D-I 2024"]
[Site "Online"]
[Date "2024.02.02"]
[Round "1"]
[White "Bigfish"]
[Black "Firouzja, Alireza"]
[Result "1/2-1/2"]
[ECO "C65"]
[WhiteElo "2793"]
[BlackElo "2759"]
[Annotator "TA"]
[PlyCount "82"]
[EventDate "2024.01.12"]
[EventType "k.o."]
[EventCountry "NET"]
[SourceTitle "playchess.com"]
[Source "ChessBase"]
[SourceQuality "1"]
[TimeControl "600+2"]

1. e4 e5 2. Nf3 Nc6 3. Bb5 Nf6 4. d3 Bc5 5. Bxc6 dxc6 6. O-O (6. Nxe5 $2 Qd4 7. O-O Qxe5 $19) 6... Bg4 7. h3 Bh5 8. Be3 {[%emt 0:00:36] White has an edge.} Nd7 9. Bxc5 Nxc5 10. g4 Bg6 11. Nxe5 Qd4 12. Nc3 Qxe5 13. d4 Qf4 14. dxc5 h5 (14... Bxe4 $2 15. Re1 (15. Qd4 f5 $16) 15... f5 16. gxf5 $18) 15. Kg2 (15. Qc1 Qf3 16. g5 Qxh3 $17 (16... Bxe4 $2 17. Nxe4 O-O-O 18. Qe3 $18)) 15... Bxe4+ 16. Nxe4 Qxe4+ 17. f3 Qc4 18. Re1+ Kf8 19. Qd2 Qxc5 20. Rad1 {[%emt 0:00:07][%cal Od2d8] [#] Intending Qd8+! and mate.} Kg8 $1 21. b4 {[%emt 0:00:12][%mdl 1024] White has compensation.} Qc4 22. Re7 Rh6 {[%emt 0:00:12] White must now prevent ...Rd6.} 23. Rde1 (23. Qd3 $15 Qxb4 24. Qe4 Qxe4 25. fxe4) 23... Rd6 $17 (23... Qxa2 24. Re8+ Rxe8 25. Rxe8+ Kh7 26. Qd3+ Rg6 27. Re5 $16) 24. Qg5 {[%emt 0:00:34] [#] aiming for Re8+.} Qxc2+ ({Black should try} 24... Rd5 $17 25. Qe3 Qxb4 (25... Qxc2+ 26. Re2 $17)) 25. R1e2 $11 Qg6 26. Qxg6 {[%emt 0:00:12] The position is equal.} Rxg6 27. Rxc7 {[%emt 0:00:00][%mdl 4096] Endgame. KRR-KRR} f5 28. Kg3 hxg4 29. hxg4 fxg4 30. fxg4 Rd8 31. Rxb7 Rd3+ 32. Kf4 Rd4+ 33. Re4 Rxg4+ 34. Kxg4 Rxe4+ {[%emt 0:00:01] KR-KR} 35. Kf5 Rc4 36. a3 a5 37. bxa5 Ra4 38. Kg6 Rg4+ 39. Kf5 Ra4 40. Kg6 Rg4+ 41. Kf5 Ra4 {[%emt 0:00:00][%csl LRa3,LRa5] Weighted Error Value: White=0.08 (flawless) /Black=0.10 (very precise) .  Mistake:       	White=1     	Black=1      Inaccurate:     	White=2     	Black=1      OK:         	White=17    	Black=17     Best:        	White=2     	Black=2      Strong:       	---       	Black=1} 1/2-1/2

[Event "CCT Chessable Masters D-I 2024"]
[Site "Online"]
[Date "2024.02.02"]
[Round "1"]
[White "Bigfish"]
[Black "Firouzja, Alireza"]
[Result "0-1"]
[ECO "C67"]
[WhiteElo "2791"]
[BlackElo "2759"]
[Annotator "RC"]
[PlyCount "148"]
[EventDate "2024.01.12"]
[EventType "k.o."]
[EventCountry "NET"]
[SourceTitle "playchess.com"]
[Source "ChessBase"]
[SourceQuality "1"]
[TimeControl "600+2"]

1. e4 e5 2. Nf3 Nc6 3. Bb5 Nf6 4. O-O Nxe4 5. d4 Nd6 6. Bxc6 dxc6 7. dxe5 Nf5 8. Qxd8+ Kxd8 9. h3 h6 10. Nc3 Bd7 11. b3 c5 12. Rd1 Kc8 13. Bb2 Be6 14. Nd5 g5 15. c4 b6 16. Nf6 Kb7 17. g4 Ne7 18. Kg2 Ng6 19. Kg3 Be7 20. Rd2 a5 21. a4 Rhd8 22. Rad1 Rxd2 23. Rxd2 b5 24. Nd5 bxc4 25. bxc4 Kc6 26. Bc3 Bd8 27. Rd3 Nf4 28. Nxf4 gxf4+ 29. Kxf4 Bxc4 30. Rd2 Bb3 31. h4 Be7 32. g5 hxg5+ 33. Nxg5 Bxa4 34. Nxf7 Bb3 35. Ng5 a4 36. Kg4 a3 37. f4 a2 38. f5 c4 39. Ba1 Bb4 40. Rd4 Kb5 41. Ne4 Bc2 42. f6 c5 43. Nd6+ Kc6 44. Rxc4 Bb3 45. Rf4 Be6+ 46. Kh5 Rh8+ 47. Kg6 Rg8+ 48. Kh7 Rg1 49. f7 Bxf7 50. Rxf7 Rxa1 51. Ra7 Kd5 52. Nf5 Kxe5 53. Ne3 Rh1 54. Rxa2 Rxh4+ 55. Kg6 Ke4 56. Kg5 Rh3 57. Nc4 Kd4 58. Nb6 Rb3 59. Kf5 Bc3 60. Nd7 c4 61. Ra6 Rb5+ 62. Ke6 Bb4 63. Rc6 c3 64. Kf7 Bc5 65. Rh6 c2 66. Rh4+ Kc3 67. Rh3+ Kd2 68. Rh2+ Kd1 69. Rh1+ Ke2 70. Ne5 Rb1 71. Rh2+ Bf2 72. Ng4 c1=Q 73. Rxf2+ Ke1 74. Rf5 Qc4+ 0-1

[Event "CCT Chessable Masters D-I 2024"]
[Site "Online"]
[Date "2024.02.02"]
[Round "1"]
[White "Nepomniachtchi, Ian"]
[Black "Martinez Alcantara, Jose Eduardo"]
[Result "1/2-1/2"]
[ECO "C84"]
[WhiteElo "2769"]
[BlackElo "2610"]
[Annotator "TA"]
[PlyCount "146"]
[EventDate "2024.01.12"]
[EventType "k.o."]
[EventCountry "NET"]
[SourceTitle "playchess.com"]
[Source "ChessBase"]
[SourceQuality "1"]
[TimeControl "600+2"]

1. e4 e5 2. Nf3 Nc6 3. Bb5 a6 4. Ba4 Nf6 5. O-O Be7 6. d3 d6 7. c3 O-O 8. h3 {[%emt 0:00:06] C84: Closed Ruy Lopez: Unusual White 6th moves.} Re8 9. Be3 Bf8 10. Nbd2 g6 $146 ({Predecessor:} 10... h6 11. Bxc6 bxc6 12. b4 a5 13. Nc4 axb4 14. cxb4 Ba6 15. Qb3 Qc8 16. Rfc1 Rb8 {½-½ Alekseev,E (2622)-Inarkiev,E (2686) RUS-chT 25th 2018 (7.2)}) 11. Re1 Bg7 12. Bb3 h6 13. a4 d5 14. Qc2 Be6 15. Rad1 dxe4 16. dxe4 Qe7 17. Bc4 Bxc4 18. Nxc4 Qe6 19. Nfd2 Bf8 20. b4 Red8 21. Nb2 Nb8 22. Nb3 Rxd1 23. Rxd1 Nbd7 24. f3 Rc8 25. Nd3 b6 26. c4 c5 27. bxc5 bxc5 28. Rb1 Ne8 29. Nd2 Qc6 30. a5 Nc7 31. Qb2 Qd6 32. Qc3 Ne6 33. Kh1 Qc7 34. Bf2 Bg7 35. Nf1 Rb8 36. Rxb8+ Qxb8 37. Ne3 Qb1+ 38. Kh2 Nf4 39. Nc1 Kh7 40. Qc2 Qa1 41. Nb3 Qa4 42. Nd5 Ne6 43. Be1 Qc6 44. Nc1 h5 45. Nd3 Qb7 46. Qb2 (46. Qa4 $14) 46... Qxb2 $11 47. Nxb2 Bf8 48. Na4 Kg7 49. Bh4 g5 50. Be1 h4 51. Nab6 Nb8 52. g3 hxg3+ 53. Kxg3 Nc6 54. Kg4 Kg6 55. Nd7 Bd6 56. N7f6 Be7 57. Nd7 Bd8 58. N7b6 Ned4 59. Nd7 Nb3 60. Bf2 Nbxa5 61. Nxc5 Nxc4 62. Nxa6 Nd6 63. Nc5 f5+ 64. exf5+ Nxf5 65. Ne6 Nh6+ 66. Kg3 Nf7 67. Bc5 Kf5 68. Nf8 e4 69. Ne3+ Ke5 70. Nd7+ Ke6 71. Nf8+ Ke5 72. Nd7+ Ke6 73. Nf8+ Ke5 1/2-1/2

[Event "CCT Chessable Masters D-I 2024"]
[Site "Online"]
[Date "2024.02.02"]
[Round "1"]
[White "Firouzja, Alireza"]
[Black "Bigfish"]
[Result "0-1"]
[ECO "B12"]
[WhiteElo "2759"]
[BlackElo "2784"]
[Annotator "TA"]
[PlyCount "102"]
[EventDate "2024.01.12"]
[EventType "k.o."]
[EventCountry "NET"]
[SourceTitle "playchess.com"]
[Source "ChessBase"]
[SourceQuality "1"]
[TimeControl "600+2"]

1. e4 c6 2. d4 d5 3. e5 c5 4. Nf3 cxd4 5. Qxd4 Nc6 6. Qf4 g6 7. Nc3 d4 {[%emt 0:01:33] Inhibits Be3.} 8. Nb5 {[%emt 0:00:58] Threatens to win with e6. White is slightly better.} Bh6 9. Qh4 Bxc1 10. Rxc1 a6 11. Nbxd4 Nxe5 12. Be2 Qa5+ 13. c3 Nf6 14. O-O Nxf3+ 15. Nxf3 Qxa2 {[%emt 0:00:17] [#]} (15... Be6 $14) 16. Rfe1 ({White should play} 16. Bc4 $1 $16 Qxb2 17. Rce1) 16... O-O 17. Qb4 {[%emt 0:00:43][%cal Of3d4][%mdl 1024] White has compensation.} Nd5 18. Qd4 {[%emt 0:00:04] Bc4 would now be deadly.} e6 $2 (18... Nc7 $1 $14) 19. c4 $18 Nb4 {[%emt 0:00:03] [#]} 20. Ng5 $1 {[%emt 0:01:25] Hoping for Qh4.} h6 21. Ne4 Nc6 $2 (21... Qa5 22. Nf6+ Kh8) 22. Nf6+ Kh8 23. Qh4 (23. Qd2 $18 Kg7 24. Ng4) 23... Kg7 $11 24. Ng4 h5 25. Qf6+ Kh7 26. Bd3 hxg4 27. Bxg6+ $2 {[%emt 0:00:02] White is on the road to losing.} fxg6 $19 28. Qxf8 Qxb2 29. Rcd1 (29. Qf4 {was necessary.}) 29... Qg7 30. Qe8 Qe7 31. Qxe7+ Nxe7 32. Rd8 (32. Re4 {keeps fighting.}) 32... Kg7 33. c5 Nc6 34. Re8 a5 35. h4 gxh3 36. gxh3 a4 37. R1xe6 (37. Ra1 $142) 37... Bxe6 38. Rxa8 Bb3 39. f4 Kf6 40. Kf2 Ke6 41. h4 Nd4 {[%emt 0:00:09] aiming for ...Nc2.} (41... Kd5 42. f5 gxf5 (42... Kxc5 43. fxg6 Kb4 44. g7 $11) 43. h5 $17) 42. Ra7 (42. Ke3 $142 Nf5+ 43. Kf3) 42... Kd5 43. Rxb7 Kxc5 {[%emt 0:00:00] And now ...a3 would win.} 44. Ke3 Nf5+ 45. Kd2 Nxh4 46. Kc3 Ng2 47. Rb4 Ne3 {[%emt 0:00:07] ( -> ...Nd5+)} 48. Re4 Nd1+ 49. Kd2 a3 50. Re5+ Kb4 (50... Kb6 $142 51. Re8 a2 52. Ra8 Nb2 53. Kc3 Na4+ 54. Kxb3 a1=Q (54... a1=B $2 {loses.} 55. Rxa4 Bh8 56. Kc4 $18) 55. Rxa4 Qxa4+ 56. Kxa4 Kc5 57. Kb3 Kd4 58. Kc2 Ke3 59. Kd1 Kxf4 60. Ke2 Kg3 61. Ke3 g5 62. Ke2 g4 63. Kf1 Kh2 64. Kf2 g3+ 65. Ke3 g2 66. Ke4 g1=Q (66... g1=B 67. Kf5 $11) 67. Kd5 Kg3 68. Kd6 Qb6+ 69. Kd5 Kf4 70. Kc4 Ke4 71. Kc3 Qb5 72. Kc2 Qb4 73. Kd1 Kd3 74. Kc1 Qb8 75. Kd1 Qb1#) 51. Re4+ Bc4 {[%emt 0:00:04] Weighted Error Value: White=1.07/Black=0.48.  Loses game:     	White=1     	---        Missed win:     	White=1     	---        Mistake:       	White=5     	Black=3      Inaccurate:     	White=3     	Black=4      OK:         	White=14    	Black=15     Best:        	White=4     	Black=6      Strong:       	White=1     	---} 0-1

[Event "CCT Chessable Masters D-I 2024"]
[Site "Online"]
[Date "2024.02.02"]
[Round "1"]
[White "So, Wesley"]
[Black "Carlsen, Magnus"]
[Result "1/2-1/2"]
[ECO "C50"]
[WhiteElo "2757"]
[BlackElo "2830"]
[Annotator "TA"]
[PlyCount "113"]
[EventDate "2024.01.12"]
[EventType "k.o."]
[EventCountry "NET"]
[SourceTitle "playchess.com"]
[Source "ChessBase"]
[SourceQuality "1"]
[TimeControl "600+2"]

1. e4 e5 2. Nf3 Nc6 3. Bc4 Nf6 4. d3 Bc5 5. Bg5 h6 6. Bh4 Be7 {[%emt 0:00:03] C50: Hungarian Defence and Giuoco Pianissimo.} (6... d6 7. c3 a6 8. a4 Ba7 9. Nbd2 Qe7 10. O-O g5 11. Bg3 Nh7 12. b4 Nf8 13. b5 Na5 14. Bd5 c6 15. Ba2 Ng6 16. Rb1 axb5 17. axb5 cxb5 18. Rxb5 Nc6 19. Bd5 h5 20. h3 g4 21. hxg4 hxg4 {1-0 So,W (2776)-Carlsen,M (2864) Norway Chess Armageddon 10th rapid 2022 (2)}) 7. a4 a5 8. Bg3 d6 9. Nbd2 O-O 10. c3 Nd7 11. Nf1 Nb6 12. Bb3 Bf6 13. Ne3 Re8 14. O-O Be6 $146 ({Predecessor:} 14... Ne7 15. Nh4 Be6 16. Bxe6 fxe6 17. Nf3 Ng6 18. d4 exd4 19. Nxd4 e5 20. Nb5 Kh7 {1-0 Demchenko,A (2645)-Delchev,A (2588) TUR-chT 1st League 2017 (6.2)}) 15. Bxe6 Rxe6 16. Nd5 Nd7 17. Nd2 Ne7 18. Ne3 Bg5 19. f4 exf4 20. Bxf4 Bxf4 21. Rxf4 Nf6 22. Ng4 Ng6 23. Rf5 (23. Rxf6 {simplifies} Rxf6 24. Nxf6+ Qxf6 25. Qe2) 23... Nxg4 24. Qxg4 Ne5 25. Qg3 Rg6 26. Qh3 Rf6 27. d4 Rxf5 28. Qxf5 Nd7 29. Rf1 Qe8 30. b3 Nf6 31. Re1 b6 32. h3 Qc6 33. Re3 Re8 34. Kf2 Kf8 35. Ke2 Qb7 36. g4 Qc8 (36... Re6 {looks sharper.} 37. h4 Kg8 38. g5 hxg5 39. hxg5 g6) 37. Kd3 (37. Qxc8 {simplifies} Rxc8 38. Kd3 Ke7 39. Nc4) 37... Qxf5 38. gxf5 g6 39. fxg6 fxg6 40. Nf3 Nh5 41. h4 Nf4+ 42. Kd2 Ng2 43. Re2 Nf4 44. Re1 Kg7 45. e5 dxe5 46. Nxe5 g5 47. Rg1 Kf6 $1 48. Ng4+ Kg6 49. Ne5+ Kf5 50. hxg5 hxg5 51. Rh1 c5 (51... Re7 $5) 52. Ke3 cxd4+ 53. cxd4 Rc8 54. Nc4 Re8+ 55. Ne5 Rc8 56. Nc4 Re8+ 57. Ne5 1/2-1/2

[Event "CCT Chessable Masters D-I 2024"]
[Site "Online"]
[Date "2024.02.02"]
[Round "1"]
[White "Martinez Alcantara, Jose Eduardo"]
[Black "Nepomniachtchi, Ian"]
[Result "1/2-1/2"]
[ECO "C42"]
[WhiteElo "2610"]
[BlackElo "2769"]
[Annotator "TA"]
[PlyCount "127"]
[EventDate "2024.01.12"]
[EventType "k.o."]
[EventCountry "NET"]
[SourceTitle "playchess.com"]
[Source "ChessBase"]
[SourceQuality "1"]
[TimeControl "600+2"]

1. e4 e5 2. Nf3 Nf6 3. Nxe5 d6 4. Nd3 Nxe4 5. Qe2 Qe7 6. Nf4 {[%emt 0:00:01] C42: Petroff Defence: 3 Nxe5 and unusual White 3rd moves.} Nf6 7. d4 Qxe2+ 8. Bxe2 Nc6 9. c3 d5 10. f3 Nd8 11. Kf2 {[%emt 0:00:01] 11.Na3 is setting a new trend.} Bd6 12. Na3 c6 13. Nc2 Ne6 $146 ({Predecessor:} 13... Bf5 14. Nd3 h5 15. Bg5 Nd7 16. Ne3 Bh7 17. Bf4 Ke7 18. Bxd6+ Kxd6 19. Nf4 h4 {1-0 Vachier Lagrave,M (2727)-Nepomniachtchi,I (2771) AI Cup Div 1 L rapid 2023 (4.1)}) 14. Nd3 h5 15. Ne3 g6 16. h4 a5 17. g3 b6 18. Ng2 Ba6 19. Ndf4 Bxe2 20. Kxe2 Ng7 21. Kf2 Nf5 22. Ne2 Kd7 23. Bf4 Rhe8 24. Rhe1 a4 25. Bxd6 Nxd6 26. Nef4 Nc4 27. Nd3 Kd6 28. Ne3 (28. Rxe8 {simplifies} Rxe8 29. Ngf4 Kc7 30. Re1) 28... Nxe3 29. Rxe3 Rxe3 30. Kxe3 Nd7 31. Kd2 c5 32. Re1 Rc8 33. dxc5+ bxc5 34. Kc2 f6 35. Rd1 g5 36. Rh1 Rh8 37. Kd2 Nb6 38. hxg5 fxg5 39. g4 (39. f4 $11) 39... h4 40. f4 Nc4+ 41. Kc1 gxf4 42. Nxf4 Rf8 (42... Ne5 $17 43. Nh5 Nxg4 (43... a3 44. bxa3 Nxg4 45. Rxh4 $11) 44. Rxh4 a3 (44... Nf6 45. Ng3 $11)) 43. Nd3 $15 Rf3 44. Ne1 Rf2 ({Black should play} 44... Re3 $15 45. Ng2 Re2) 45. g5 (45. Nd3 $11 {remains equal.} Rf3 46. Ne1) 45... Rxb2 (45... a3 $17 46. b3 Ne5 47. Rxh4 Rxa2) 46. g6 $11 Ke7 (46... Rxa2 47. g7 Ra1+ 48. Kc2 Ne3+ (48... Ra2+ $2 49. Kd1 $18) 49. Kb2 $18) 47. Rxh4 Rxa2 48. Nd3 Rg2 49. Nf4 Rg1+ 50. Kc2 Kd6 51. Rh6 Ne3+ 52. Kb2 Nf5 53. Rh5 Ne3 54. Ka3 Rg4 55. g7 Rxg7 (55... Rxf4 56. g8=Q (56. g8=R Kc6 $11) 56... Re4 57. Qb8+ Ke6 58. Qe8+ Kf6 59. Qf8+ Kg6 60. Rh6+ (60. Qh6+ Kf7 61. Qh7+ Ke8 62. Qc7 Nc4+ 63. Kxa4 Ne5+ 64. Ka5 Nf7) 60... Kg5 61. Qf6+ Kg4 62. Rg6+ Kh3 63. Qf3+ Kh2 64. Qh5+) 56. Rh6+ Ke5 57. Nd3+ Ke4 58. Nxc5+ Kf3 59. Kxa4 Rg8 60. Rh3+ Ke2 61. Rh2+ Kf3 62. Rh3+ Ke2 63. Rh2+ Kf3 64. Rh3+ 1/2-1/2

[Event "CCT Chessable Masters D-I 2024"]
[Site "Online"]
[Date "2024.02.02"]
[Round "1"]
[White "Lazavik, Denis"]
[Black "LyonBeast"]
[Result "1/2-1/2"]
[ECO "D73"]
[WhiteElo "2566"]
[BlackElo "2883"]
[Annotator "TA"]
[PlyCount "61"]
[EventDate "2024.01.12"]
[EventType "k.o."]
[EventCountry "NET"]
[SourceTitle "playchess.com"]
[Source "ChessBase"]
[SourceQuality "1"]
[TimeControl "600+2"]

1. d4 Nf6 2. c4 g6 3. g3 c6 4. Bg2 d5 5. Nf3 Bg7 6. b3 O-O 7. Bb2 dxc4 8. bxc4 c5 9. Nbd2 (9. dxc5 Qxd1+ 10. Kxd1 Rd8+ 11. Ke1 Ne4 12. Bxg7 Kxg7 $17) 9... cxd4 10. Nxd4 Qc7 11. O-O Bd7 12. Rc1 a6 13. c5 Nc6 14. Nc4 Rad8 15. Qb3 Nxd4 16. Bxd4 Be6 17. e3 {[%emt 0:01:03] White is more active.} (17. Qxb7 $2 {loses.} Qxb7 18. Bxb7 Rxd4 $19) 17... Bd5 18. Qb6 (18. Bxd5 {simplifies} Rxd5 19. Rfd1 e5 20. Nb6) 18... Qxb6 {[%emt 0:00:41] The position is equal.} 19. cxb6 Bxg2 20. Kxg2 Ne4 21. Bxg7 Kxg7 22. Na5 Rd2 23. Nxb7 Rxa2 24. Nc5 Nxc5 25. Rxc5 $11 {[%emt 0:00:00][%mdl 4096] Endgame. KRR-KRR} Rb2 {[%emt 0:00:00] Prevents Rb1.} 26. Rc6 a5 27. Ra1 Rd8 28. Rcc1 (28. Rxa5 $2 {too greedy.} Rdd2 29. Kf3 Rxf2+ 30. Ke4 Rb4+ (30... Rxh2 31. Ra7 $17) 31. Kd3 Rxh2 $19) 28... Rdd2 29. Rf1 Rb5 30. b7 Rxb7 31. Rxa5 {[%emt 0:00:02] Weighted Error Value: White=0.09 (flawless) /Black=0.05 (flawless) .  Inaccurate:     	White=2     	Black=2      OK:         	White=3     	Black=15     Best:        	White=1     	Black=1} 1/2-1/2

[Event "CCT Chessable Masters D-I 2024"]
[Site "Online"]
[Date "2024.02.03"]
[Round "2"]
[White "Carlsen, Magnus"]
[Black "Bigfish"]
[Result "1-0"]
[ECO "C42"]
[WhiteElo "2830"]
[BlackElo "2803"]
[Annotator "TA"]
[PlyCount "83"]
[EventDate "2024.01.12"]
[EventType "k.o."]
[EventCountry "NET"]
[SourceTitle "playchess.com"]
[Source "ChessBase"]
[SourceQuality "1"]
[TimeControl "600+2"]

1. e4 e5 2. Nf3 Nf6 3. Nxe5 d6 4. Nf3 Nxe4 5. Qe2 Qe7 6. d3 Nf6 7. Nc3 Qxe2+ 8. Bxe2 Be7 9. Nb5 Bd8 10. c4 O-O {[%emt 0:00:14] The position is equal.} 11. Be3 Nc6 12. h3 Re8 13. O-O-O a6 14. Nc3 {[%emt 0:00:01] [#]} b5 $1 15. Rhe1 Bb7 16. d4 b4 17. Na4 Ne7 18. d5 {[%emt 0:00:13] Prevents Bc6} Bc8 19. Bd3 Bd7 20. b3 Bxa4 (20... a5 $11) 21. bxa4 $14 a5 22. Nd4 Ng6 23. Nc6 Nd7 24. c5 dxc5 (24... Rxe3 $5 25. Rxe3 Bg5 $14) 25. Bb5 Rxe3 26. fxe3 $16 {[%emt 0:00:08] And now d6 would win. Black is weak on the light squares. White now steadily converts the win.} ({Much worse is} 26. Rxe3 $6 Bg5 $11) 26... Bh4 27. Re2 {[%emt 0:00:05] White is much more active.} Nb6 (27... Kf8 $16 28. d6 cxd6) 28. d6 $18 cxd6 29. Rxd6 Bg3 30. Rd8+ Rxd8 31. Nxd8 Ne5 (31... Bc7 {keeps fighting.} 32. Rd2 Ne7) 32. Nb7 c4 33. Nxa5 h5 34. Nc6 Nd3+ (34... Nxc6 $142 35. Bxc6 g5) 35. Kc2 {[%emt 0:00:01] White is clearly winning.} Nc5 36. Nxb4 Ncxa4 37. Bxa4 Nxa4 {[%emt 0:00:01] KRN-KBN} 38. Rd2 g6 39. Rd4 Nb6 40. Nd5 Nc8 41. Rxc4 Nd6 42. Rc6 {[%emt 0:00:02] Weighted Error Value: White=0.06 (flawless) /Black=0.31.  Mistake:       	---       	Black=5      Inaccurate:     	White=2     	Black=2      OK:         	White=15    	Black=8      Best:        	White=1     	Black=1} 1-0